 Dungeon Crawl Stone Soup version 0.30-a0-919-g9323dee000 (webtiles) character file.

Game seed: 7641225723885967212

742 Jossarian the Magician (level 7, 0/32 HPs)
             Began as a Spriggan Venom Mage on Mar 21, 2023.
             Was an Initiate of Sif Muna.
             Slain by an orc wizard
             ... wielding a +0 dagger
              (2 damage)
             ... on level 5 of the Dungeon.
             The game lasted 01:13:04 (6378 turns).

Jossarian the Magician (Spriggan Venom Mage)        Turns: 6378, Time: 01:13:05

Health: 0/32       AC:  4    Str: 10    XL:     7   Next: 47%
Magic:  15/17      EV: 18    Int: 19    God:    Sif Muna [......]
Gold:   194        SH:  0    Dex: 21    Spells: 13/19 levels left

rFire   . . .      SeeInvis +    n - +0 sling (drain)
rCold   . . .      Faith    .    (no shield)
rNeg    . . .      Spirit   .    a - +0 robe
rPois   .          Reflect  .    (helmet restricted)
rElec   .          Rampage  .    v - +1 cloak
rCorr   .                        (gloves unavailable)
Will    +....                    (boots unavailable)
Stlth   +++                      r - amulet of magic regeneration
HPRegen 0.25/turn                j - +6 ring of strength
MPRegen 0.55/turn                o - +6 ring of dexterity

@: very quick
A: very small, no large weapons, unfitting armour, see invisible, speed 3
a: Renounce Religion


You were on level 5 of the Dungeon.
You worshipped Sif Muna.
Sif Muna was noncommittal.
You visited 1 branch of the dungeon, and saw 5 of its levels.
You visited the Abyss 1 time.

You collected 194 gold pieces.

Inventory:

Hand Weapons
 h - the +0 dagger of Unpleasantness {holy, rN++ Str+2}
   (You found it on level 4 of the Dungeon)

   Str:       It affects your strength (+2).
   rN:        It greatly protects you from negative energy.
 n - a +0 sling of draining (weapon)
 y - a +1 rapier of distortion
Missiles
 d - 35 stones
 s - 7 poisoned darts
Armour
 a - a +0 robe (worn)
 v - a +1 cloak (worn)
Magical Staves
 f - a staff of death
Jewellery
 g - an amulet of faith
 j - a +6 ring of strength (left hand)
 o - a +6 ring of dexterity (right hand)
 q - a ring of flight
 r - an amulet of magic regeneration (around neck)
 u - an amulet of faith
Scrolls
 c - a scroll of enchant armour
 k - a scroll of brand weapon
 p - a scroll of torment {unknown}
 w - a scroll of identify
 x - 2 scrolls of teleportation
 z - a scroll of fear {unknown}
Potions
 b - 3 potions of magic
 e - a potion of haste
 i - a potion of resistance
 l - a potion of cancellation {unknown}
 m - a potion of brilliance {unknown}
 t - a potion of curing {unknown}


   Skills:
 + Level 0.2 Fighting
 + Level 1.6 Ranged Weapons
 + Level 2.9 Dodging
 + Level 3.3 Stealth
 + Level 6.5 Spellcasting
 + Level 5.1 Transmutations
 + Level 0.9 Air Magic
 + Level 5.3 Poison Magic


You had 13 spell levels left.
You knew the following spells:

 Your Spells              Type           Power      Damage    Failure   Level
a - Sting                 Tmut/Pois      100%       1d8       1%          1
b - Poisonous Vapours     Pois/Air       36%        N/A       4%          2
c - Mephitic Cloud        Conj/Pois/Air  14%        N/A       13%         3

Your spell library contained the following spells:

 Spells                   Type           Power      Damage    Failure   Level
 Kiss of Death            Conj/Necr      24%        2d7       11%         1
 Olgreb's Toxic Radiance  Pois           26%        N/A       12%         4
 Confusing Touch          Hex            6%         N/A       32%         3
 Gell's Gravitas          Tloc           6%         N/A       32%         3
 Vampiric Draining        Necr           6%         2d6       32%         3
 Anguish                  Hex/Necr       3%         N/A       71%         4
 Dispel Undead            Necr           6%         3d8       71%         4
 Summon Forest            Summ/Tloc      3%         N/A       96%         5


Dungeon Overview and Level Annotations

Branches:
Dungeon (5/15)
 Temple: D:4-7

Altars:
Ashenzari
Elyvilon
Gozag
Ru
Sif Muna
Xom

Shops:
D:2 ((

Portals:
Abyss: D:4


Innate Abilities, Weirdness & Mutations

You are very small and have problems with some larger weapons.
You are too small for most types of armour.
You have supernaturally acute eyesight. (SInv)
You cover ground extremely quickly. (Speed+++)


Message History

The orc wizard points at you and mumbles some strange words.
You are confused.
You're too confused to cast spells.
You're too confused to cast spells.
The centaur shoots an arrow.
The arrow hits you.
* * * LOW HITPOINT WARNING * * *
The centaur shoots an arrow.
The arrow completely misses you.
The centaur shoots an arrow.
The arrow hits you!
* * * LOW HITPOINT WARNING * * *
The centaur shoots an arrow.
The arrow closely misses you.
The centaur shoots an arrow.
The arrow hits you.
* * * LOW HITPOINT WARNING * * *
You bump into the rock wall.
The centaur shoots an arrow.
The arrow closely misses you.
The orc wizard mumbles some strange words.
The orc wizard flickers and vanishes for a moment.
You completely miss the orc. The orc misses you.
The orc wizard casts a spell at you. The puff of flame misses you.
You feel less confused.
Casting: Sting (safe; 1% risk of failure)
Confirm with . or Enter, or press ? or * to list all spells.
The spell is quite dangerous to miscast (13% risk of failure)!
Continue anyway?
Aiming: Mephitic Cloud (quite dangerous; 13% risk of failure)
Press: ? - help, Shift-Dir - straight line, f/p - orc wizard
Aim: an orc wizard, wielding a +0 dagger and wearing a +0 robe (chance to affect: 86%)
The ball explodes into a vile cloud!
The stinking cloud engulfs the orc wizard but does no damage.
The stinking cloud engulfs the orc but does no damage.
The stinking cloud engulfs the orc wizard but does no damage.
The stinking cloud engulfs the centaur but does no damage.
The centaur is lightly wounded.
The orc wizard is engulfed in noxious fumes.
The orc wizard appears confused.
The orc wizard closely misses the orc wizard.
The orc wizard hits itself with a +0 dagger.
The centaur is engulfed in noxious fumes.
The centaur appears confused.
The orc wizard hits you with a +0 dagger.
You die...

##.. ...#.
...####..#.
#....#..#.
#....#..#.
#....+..'.
#########....####.
#..........†[.....
#.................
#@................
#.o...............
#o°.c.......#####.
#.o○........# #.
#.☼.........# #.
#...........# ##
#...........#
#...........#
#...........#


You could see a centaur (confused), 2 orc wizards and an orc.

Vanquished Creatures
  The ghost of Zigma the Ruffian, a novice DrMo (D:4)
  A phantom (D:4)
  A scorpion (D:4)
  A jelly (D:5)
  A sleepcap (D:4)
  2 hounds (D:4)
  Natasha (twice) (D:2)
  5 adders
  A shadow imp (D:4)
  2 ufetubi (D:4)
  A worm (D:2)
  An orc (D:5)
  5 ball pythons
  9 endoplasms
  3 giant cockroaches
  10 goblins
  4 hobgoblins
  2 jackals (D:1)
  7 kobolds
  2 quokkas
  5 bats
  5 frilled lizards
  5 rats
76 creatures vanquished.

Notes
Turn   | Place    | Note
-------+----------+-------------------------------------------
     0 | D:1      | Jossarian the Spriggan Venom Mage began the quest for the
                  | Orb.
     0 | D:1      | Reached XP level 1. HP: 9/9 MP: 5/5
   460 | D:1      | Reached XP level 2. HP: 13/13 MP: 3/6
   489 | D:1      | Learned a level 2 spell: Poisonous Vapours
   683 | D:1      | Reached skill level 3 in Spellcasting
  1231 | D:1      | You fall into a shaft and drop 1 floor!
  1248 | D:2      | Reached XP level 3. HP: 16/16 MP: 5/9
  1376 | D:2      | Reached skill level 4 in Spellcasting
  1621 | D:1      | Learned a level 3 spell: Mephitic Cloud
  2075 | D:2      | Reached XP level 4. HP: 21/21 MP: 4/11
  2150 | D:2      | Noticed Natasha
  2336 | D:2      | Killed Natasha
  2442 | D:2      | Noticed Natasha
  2467 | D:2      | Killed Natasha
  2564 | D:2      | Found Rewomm's Weapon Shoppe.
  2611 | D:2      | Found a shimmering altar of Xom.
  2695 | D:2      | Found Baesk's Weapon Shop.
  3505 | D:3      | Found a faded altar of an unknown god.
  3509 | D:3      | Found a white marble altar of Elyvilon.
  3572 | D:3      | Found a shimmering blue altar of Sif Muna.
  3584 | D:3      | Became a worshipper of Sif Muna the Loreminder
  3948 | D:4      | Found a broken altar of Ashenzari.
  3970 | D:4      | Identified the +0 dagger of Unpleasantness {holy, rN++
                  | Str+2}
  4044 | D:4      | Reached XP level 5. HP: 24/24 MP: 11/13
  4116 | D:4      | Found a one-way gate to the infinite horrors of the Abyss.
  4116 | D:4      | Noticed Zigma's ghost (novice DrMo)
  4170 | D:4      | Found a transporter.
  4174 | D:4      | Found a transporter.
  4226 | D:4      | Found an opulent altar of Gozag.
  4303 | D:4      | Noticed a phantom
  4445 | D:4      | Reached skill level 5 in Spellcasting
  4535 | D:4      | Got the Enchiridion on the Sinister Traveller
  4645 | D:4      | Killed a phantom
  4646 | D:4      | Reached skill level 1 in Ranged Weapons
  4646 | D:4      | Reached XP level 6. HP: 28/28 MP: 14/14
  5920 | D:4      | Killed Zigma's ghost
  5921 | D:4      | Reached skill level 6 in Spellcasting
  5921 | D:4      | Reached skill level 5 in Poison Magic
  5921 | D:4      | Reached XP level 7. HP: 32/32 MP: 13/17
  6019 | D:4      | Voluntarily entered the Abyss.
  6070 | Abyss:1  | Noticed a green death
  6090 | Abyss:1  | Noticed a hellwing
  6094 | Abyss:1  | Noticed a hellwing
  6099 | D:4      | Escaped the Abyss
  6146 | D:5      | Entered Level 5 of the Dungeon
  6186 | D:5      | Reached skill level 5 in Transmutations
  6315 | D:5      | Found a sacrificial altar of Ru.
  6373 | D:5      | HP: 1/32 [centaur/arrow (1)]
  6378 | D:5      | Slain by an orc wizard

Illustrated notes

Levels and vault maps discovered:
D:1:      lightli_arrival_quake, layout_basic
D:2:      layout_loops_ring, serial_shops, nicolae_shop_behind_doors,
          nicolae_shop_advertising_works [nicolae_subvault_shop_adworks],
          basic_altar, minmay_misc_feat_rugged, uniq_natasha
D:3:      layout_rooms, mainiacjoe_overflow_six_doors_small,
          nicolae_overflow_ecumenical_swirl
D:4:      layout_loops_ring, cheibrodos_ashenzari_chains,
          nicolae_overflow_crystal_walls, gammafunk_ghost_abyssal_escape
D:5:      layout_gridville, nicolae_ru_great_annihilating_truth,
          ebering_ghost_sewer_f

Skill      XL: |  1  2  3  4  5  6  7 |
---------------+----------------------+-----
Spellcasting   | 3 4 5 6 |  6.5
Transmutations | 2 3 4 5 |  5.1
Poison Magic   | 4 5 |  5.3
Ranged Weapons | 1 |  1.6
Fighting       | |  0.2
Dodging        | |  2.9
Stealth        | |  3.3
Air Magic      | |  0.9

Action                     |  1- 3 |  4- 6 |  7- 9 || total
---------------------------+-------+-------+-------++-------
  Melee: Staff             |     1 |       |       ||     1
         Sling             |       |       |     1 ||     1
   Fire: Sling             |       |    43 |       ||    43
   Cast: Sting             |    69 |   244 |    27 ||   340
         Poisonous Vapours |     4 |    12 |       ||    16
         Mephitic Cloud    |       |     1 |     1 ||     2
    Use: Scroll            |       |     9 |       ||     9
 Armour: Robe              |     2 |     1 |       ||     3
  Dodge: Dodged            |    13 |    14 |    12 ||    39

Table legend: (Time is in decaauts)
 A = Elapsed time spent in this place.
 B = Non-inter-level travel time spent in this place.
 C = Inter-level travel time spent in this place.
 D = Time resting spent in this place.
 E = Time spent auto-exploring this place.
 F = Levels seen in this place.
 G = Mean time per level.
                   A        B        C        D        E       F      G
               +--------+--------+--------+--------+--------+-----+--------+
         Total |   4692 |   2979 |   1713 |   1514 |      0 |   6 |  782.0 |
       Dungeon |   4641 |   2928 |   1713 |   1511 |      0 |   5 |  928.2 |
         Abyss |     50 |     50 |      0 |      3 |      0 |   1 |   50.0 |
               +--------+--------+--------+--------+--------+-----+--------+

Top non-repeatable levels by time:
     D:4: 1516 daAuts
     D:1: 1306 daAuts
     D:2: 1171 daAuts
     D:3: 500 daAuts
     D:5: 146 daAuts
 Abyss:1: 50 daAuts
